PCL
NEW ORLEANS ZEPHYRS @ OMAHA ROYALS
09/02/2003
 
TOP OF THE 1ST
New Orleans Zephyrs batting - Pitching for Colorado Springs Sky Sox : RHP Mike Grace
Pitching: RHP Mike Grace
Batting: RHB David Bacani 0-0: Called Strike
0-1: Called Strike
0-2: Strikes out swinging
Batting: RHB Casey Smith 0-0: Called Strike
0-1: Called Strike
0-2: Strikes out swinging
Batting: RHB Josh Thonon 0-0: Ball
1-0: Ball
2-0: SINGLE (Line Drive, 8RS, EV 86.9 MPH)
Batting: LHB Alex Cardenas 0-0: Fly out, F6 (Popup, 4MD, EV 70.6 MPH)
Top of the 1st over - 0 runs, 1 hit, 0 errors, 1 left on base; New Orleans 0 - Colorado Springs 0
BOTTOM OF THE 1ST
Colorado Springs Sky Sox batting - Pitching for New Orleans Zephyrs : RHP Ken Hill
Pitching: RHP Ken Hill
Batting: RHB Brandon Phillips 0-0: Called Strike
0-1: Swinging Strike
0-2: Ball
1-2: Strikes out swinging
Batting: LHB Oscar Palacio 0-0: Ball
1-0: Fly out, F5 (Popup, 56, EV 83.8 MPH)
Batting: RHB Pedro Munoz 0-0: Ball
1-0: Ground out 5-3 (Groundball, 5, EV 101.9 MPH)
Bottom of the 1st over - 0 runs, 0 hits, 0 errors, 0 left on base; New Orleans 0 - Colorado Springs 0
TOP OF THE 2ND
New Orleans Zephyrs batting - Pitching for Colorado Springs Sky Sox : RHP Mike Grace
Batting: LHB Bobby Martinez 0-0: Ball
1-0: SOLO HOME RUN (Flyball, 9D, EV 102.5 MPH), Distance : 389 ft
Batting: RHB Mike Gambino 0-0: Ground out 4-3 (Groundball, 4, EV 103.1 MPH)
Batting: LHB Seung-hyeon Sa 0-0: Ball
1-0: Fly out, F8 (Line Drive, 8LD, EV 94.4 MPH)
Batting: LHB Arnie Chavera 0-0: Swinging Strike
0-1: Ball
1-1: Foul Ball, location: 2F
1-2: Strikes out swinging
Top of the 2nd over - 1 run, 1 hit, 0 errors, 0 left on base; New Orleans 1 - Colorado Springs 0
BOTTOM OF THE 2ND
Colorado Springs Sky Sox batting - Pitching for New Orleans Zephyrs : RHP Ken Hill
Batting: LHB Roosevelt Brown 0-0: Ball
1-0: Swinging Strike
1-1: Ball
2-1: Foul Ball, location: 2F
2-2: Ball
3-2: Strikes out swinging
Batting: RHB Eric Karros 0-0: Called Strike
0-1: Fly out, F7 (Flyball, 7, EV 80.6 MPH)
Batting: LHB Chris Rinker 0-0: SINGLE (Line Drive, 9S, EV 101.9 MPH)
Batting: RHB Deivi Cruz 0-0: Called Strike
0-1: Foul Ball, location: 9LMF
0-2: Ball
1-2: Fly out, F8 (Flyball, 78M, EV 95.6 MPH)
Bottom of the 2nd over - 0 runs, 1 hit, 0 errors, 1 left on base; New Orleans 1 - Colorado Springs 0
TOP OF THE 3RD
New Orleans Zephyrs batting - Pitching for Colorado Springs Sky Sox : RHP Mike Grace
Batting: RHB Ramon Espinoza 0-0: Foul Ball, location: 3F
0-1: SINGLE (Line Drive, 7LM, EV 102.5 MPH)
Batting: RHB David Bacani 0-0: Ball
1-0: Fly out, F9 (Flyball, 9LM, EV 81.3 MPH)
Batting: RHB Casey Smith 0-0: Swinging Strike
0-1: Ball
1-1: Swinging Strike
1-2: Strikes out looking
Batting: RHB Josh Thonon 0-0: Called Strike
0-1: Called Strike
0-2: Fielders Choice at 2nd, 6-4 (Groundball, 6, EV 107.5 MPH)
Top of the 3rd over - 0 runs, 1 hit, 0 errors, 1 left on base; New Orleans 1 - Colorado Springs 0
BOTTOM OF THE 3RD
Colorado Springs Sky Sox batting - Pitching for New Orleans Zephyrs : RHP Ken Hill
Batting: RHB Mike Dean 0-0: Ball
1-0: Foul Ball, location: 2F
1-1: SINGLE (Groundball, 34D, EV 102.5 MPH)
Batting: RHB Mark Lewis 0-0: Ball
1-0: Fly out, F7 (Flyball, 7S, EV 85.0 MPH)
Batting: RHB Brandon Phillips 0-0: Ball
Mike Dean steals 2nd base (no throw)
1-0: Foul Ball, location: 5DF
1-1: Swinging Strike
1-2: Foul Ball, location: 7LSF
1-2: SINGLE (Line Drive, 7S, EV 97.5 MPH)
Mike Dean to third
Runner from 3rd tries for Home, SAFE, throw by LF to home
Brandon Phillips to second
Batting: LHB Oscar Palacio 0-0: Called Strike
0-1: Fly out, F2 (Popup, 25F, EV 90.6 MPH)
Batting: RHB Pedro Munoz 0-0: Swinging Strike
0-1: Called Strike
0-2: Foul Ball, location: 9LMFF
0-2: Strikes out swinging
Bottom of the 3rd over - 1 run, 2 hits, 0 errors, 1 left on base; New Orleans 1 - Colorado Springs 1
TOP OF THE 4TH
New Orleans Zephyrs batting - Pitching for Colorado Springs Sky Sox : RHP Mike Grace
Batting: LHB Alex Cardenas 0-0: Called Strike
0-1: Ball
1-1: Ground out 4-3 (Groundball, 4, EV 83.8 MPH)
Batting: LHB Bobby Martinez 0-0: Ball
1-0: Called Strike
1-1: SINGLE (Groundball, 6MD, EV 105.0 MPH)
Batting: RHB Mike Gambino 0-0: Bunted foul
0-1: Bunted foul
0-2: Ball
1-2: Ball
2-2: SINGLE (Groundball, 4D, EV 105.6 MPH)
Bobby Martinez to second
Batting: LHB Seung-hyeon Sa 0-0: Swinging Strike
0-1: Foul Ball, location: 2F
0-2: Ball
1-2: DOUBLE (Flyball, 7LD, EV 107.5 MPH)
Bobby Martinez scores
Mike Gambino to third
Batting: LHB Arnie Chavera 0-0: Called Strike
0-1: Ball
1-1: Swinging Strike
1-2: Strikes out swinging
Batting: RHB Ramon Espinoza 0-0: Called Strike
0-1: Swinging Strike
0-2: Ball
1-2: Foul Ball, location: 2F
1-2: Fly out, F9 (Line Drive, 9, EV 86.3 MPH)
Top of the 4th over - 1 run, 3 hits, 0 errors, 2 left on base; New Orleans 2 - Colorado Springs 1
BOTTOM OF THE 4TH
Colorado Springs Sky Sox batting - Pitching for New Orleans Zephyrs : RHP Ken Hill
Batting: LHB Roosevelt Brown 0-0: Ground out 3-1 (Groundball, 34, EV 105.0 MPH)
Batting: RHB Eric Karros 0-0: Swinging Strike
0-1: Ball
1-1: Fly out, F9 (Flyball, 9LS, EV 82.5 MPH)
Batting: LHB Chris Rinker 0-0: Ball
1-0: Foul Ball, location: 2F
1-1: Called Strike
1-2: Foul Ball, location: 2F
1-2: Ball
2-2: Ball
3-2: Foul Ball, location: 2F
3-2: DOUBLE (Flyball, 78D, EV 94.4 MPH)
Batting: RHB Deivi Cruz 0-0: Ball
1-0: Swinging Strike
1-1: Ball
2-1: Ball
3-1: Ground out 4-3 (Groundball, 4, EV 81.9 MPH)
Bottom of the 4th over - 0 runs, 1 hit, 0 errors, 1 left on base; New Orleans 2 - Colorado Springs 1
TOP OF THE 5TH
New Orleans Zephyrs batting - Pitching for Colorado Springs Sky Sox : RHP Mike Grace
Batting: RHB David Bacani 0-0: Ball
1-0: Ball
2-0: Ground out 6-3 (Groundball, 6, EV 92.5 MPH)
Batting: RHB Casey Smith 0-0: Called Strike
0-1: Ball
1-1: Fly out, F8 (Flyball, 8LD, EV 77.5 MPH)
Batting: RHB Josh Thonon 0-0: Ball
1-0: SOLO HOME RUN (Line Drive, 7D, EV 107.5 MPH), Distance : 392 ft
Batting: LHB Alex Cardenas 0-0: Called Strike
0-1: Foul Ball, location: 2F
0-2: Ball
1-2: TRIPLE (Flyball, 9LD, EV 91.9 MPH)
Batting: LHB Bobby Martinez 0-0: Ball
1-0: Called Strike
1-1: Foul Ball, location: 3F
1-2: Foul Ball, location: 2F
1-2: Ground out U3 (Groundball, 3, EV 95.6 MPH)
Top of the 5th over - 1 run, 2 hits, 0 errors, 1 left on base; New Orleans 3 - Colorado Springs 1
BOTTOM OF THE 5TH
Colorado Springs Sky Sox batting - Pitching for New Orleans Zephyrs : RHP Ken Hill
Batting: RHB Mike Dean 0-0: Ball
1-0: Swinging Strike
1-1: Ball
2-1: Ball
3-1: Called Strike
3-2: Fly out, F5 (Popup, 5SF, EV 75.6 MPH)
Batting: RHB Mark Lewis 0-0: Ball
1-0: Called Strike
1-1: Foul Ball, location: 9LMF
1-2: Fly out, F7 (Flyball, 7LD, EV 87.5 MPH)
Batting: RHB Brandon Phillips 0-0: Ball
1-0: DOUBLE (Flyball, 8LXD, EV 110.0 MPH)
Batting: LHB Oscar Palacio 0-0: Called Strike
0-1: Ball
1-1: Swinging Strike
1-2: Fly out, F8 (Flyball, 8RD, EV 98.1 MPH)
Bottom of the 5th over - 0 runs, 1 hit, 0 errors, 1 left on base; New Orleans 3 - Colorado Springs 1
TOP OF THE 6TH
New Orleans Zephyrs batting - Pitching for Colorado Springs Sky Sox : RHP Mike Grace
Batting: RHB Mike Gambino 0-0: Called Strike
0-1: Ball
1-1: Called Strike
1-2: Ball
2-2: Ground out 6-3 (Groundball, 6, EV 84.4 MPH)
Batting: LHB Seung-hyeon Sa 0-0: Foul Ball, location: 2F
0-1: Foul Ball, location: 2F
0-2: Foul Ball, location: 9LSF
0-2: Ball
1-2: SINGLE (Flyball, 8RS, EV 96.3 MPH)
Batting: LHB Arnie Chavera 0-0: Ball
1-0: Fly out, F7 (Flyball, 7LMF, EV 103.8 MPH)
Batting: RHB Ramon Espinoza 0-0: Hit by Pitch
Seung-hyeon Sa to second
Batting: RHB David Bacani 0-0: Called Strike
0-1: Swinging Strike
0-2: Ball
1-2: Ground out 5-3 (Groundball, 56S, EV 80.6 MPH)
Top of the 6th over - 0 runs, 1 hit, 0 errors, 2 left on base; New Orleans 3 - Colorado Springs 1
BOTTOM OF THE 6TH
Colorado Springs Sky Sox batting - Pitching for New Orleans Zephyrs : RHP Ken Hill
Batting: RHB Pedro Munoz 0-0: Ball
1-0: Foul Ball, location: 2F
1-1: Swinging Strike
1-2: Strikes out swinging
Batting: LHB Roosevelt Brown 0-0: Called Strike
0-1: Ball
1-1: Ground out 6-3 (Groundball, 6M, EV 110.0 MPH)
Batting: RHB Eric Karros 0-0: Swinging Strike
0-1: Ball
1-1: Ball
2-1: Ground out U3 (Groundball, 3D, EV 96.3 MPH)
Bottom of the 6th over - 0 runs, 0 hits, 0 errors, 0 left on base; New Orleans 3 - Colorado Springs 1
TOP OF THE 7TH
New Orleans Zephyrs batting - Pitching for Colorado Springs Sky Sox : RHP Mike Grace
Batting: RHB Casey Smith 0-0: Called Strike
0-1: Ball
1-1: Foul Ball, location: 9LSF
1-2: Ground out 4-3 (Groundball, 4, EV 101.3 MPH)
Batting: RHB Josh Thonon 0-0: Called Strike
0-1: Swinging Strike
0-2: Ball
1-2: Foul Ball, location: 2F
1-2: Foul Ball, location: 2F
1-2: Foul Ball, location: 5DF
1-2: Ball
2-2: Strikes out swinging
Batting: LHB Alex Cardenas 0-0: Ground out 6-3 (Groundball, 6, EV 104.4 MPH)
Top of the 7th over - 0 runs, 0 hits, 0 errors, 0 left on base; New Orleans 3 - Colorado Springs 1
BOTTOM OF THE 7TH
Colorado Springs Sky Sox batting - Pitching for New Orleans Zephyrs : RHP Ken Hill
Batting: LHB Chris Rinker 0-0: Ball
1-0: Fly out, F8 (Flyball, 78M, EV 78.8 MPH)
Batting: RHB Deivi Cruz 0-0: Ball
1-0: Called Strike
1-1: Fly out, F3 (Line Drive, 3, EV 69.4 MPH)
Batting: RHB Mike Dean 0-0: Ball
1-0: Called Strike
1-1: Fly out, F9 (Line Drive, 89M, EV 95.0 MPH)
Bottom of the 7th over - 0 runs, 0 hits, 0 errors, 0 left on base; New Orleans 3 - Colorado Springs 1
TOP OF THE 8TH
New Orleans Zephyrs batting - Pitching for Colorado Springs Sky Sox : RHP Mike Grace
Batting: LHB Bobby Martinez 0-0: Called Strike
0-1: Called Strike
0-2: Ball
1-2: Ball
2-2: Foul Ball, location: 23F
2-2: Foul Ball, location: 3F
2-2: Ground out 6-3 (Groundball, 6, EV 80.0 MPH)
Batting: RHB Mike Gambino 0-0: SINGLE (Line Drive, 7S, EV 90.0 MPH)
Batting: LHB Seung-hyeon Sa 0-0: Ball
Mike Gambino steals 2nd base
1-0: Intentional Walk
Batting: LHB Arnie Chavera 0-0: Called Strike
0-1: Ball
1-1: DOUBLE (Groundball, 3L, EV 95.6 MPH)
Mike Gambino scores
Seung-hyeon Sa to third
Runner from 3rd tries for Home, SAFE, throw by RF to trailing runner, SAFE at third!
Pitching: LHP Matt Gawer
Batting: RHB Ramon Espinoza 0-0: Ground out U3 (Groundball, 3, EV 94.4 MPH)
Batting: RHB David Bacani 0-0: Called Strike
0-1: Foul Ball, location: 2LF
0-2: Ball
1-2: Foul Ball, location: 2F
1-2: Ball
2-2: Ball
3-2: Foul Ball, location: 9LDF
3-2: Ground out 6-3 (Groundball, 6, EV 108.1 MPH)
Top of the 8th over - 2 runs, 2 hits, 0 errors, 1 left on base; New Orleans 5 - Colorado Springs 1
BOTTOM OF THE 8TH
Colorado Springs Sky Sox batting - Pitching for New Orleans Zephyrs : RHP Ken Hill
Batting: RHB Mark Lewis 0-0: Called Strike
0-1: Ground out 1-3 (Groundball, 13S, EV 72.5 MPH)
Batting: RHB Brandon Phillips 0-0: Ball
1-0: Ball
2-0: Ball
3-0: Called Strike
3-1: Swinging Strike
3-2: SINGLE (Groundball, 56D, EV 106.3 MPH)
Batting: LHB Oscar Palacio 0-0: Ball
1-0: Fly out, F9 (Flyball, 89S, EV 88.8 MPH)
Batting: RHB Pedro Munoz 0-0: Ball
1-0: Fly out, F4 (Popup, 34, EV 70.0 MPH)
Bottom of the 8th over - 0 runs, 1 hit, 0 errors, 1 left on base; New Orleans 5 - Colorado Springs 1
TOP OF THE 9TH
New Orleans Zephyrs batting - Pitching for Colorado Springs Sky Sox : LHP Matt Gawer
Batting: RHB Casey Smith 0-0: Ball
1-0: Ground out 3-1 (Groundball, 34S, EV 80.6 MPH)
Batting: RHB Josh Thonon 0-0: Ball
1-0: Ball
2-0: Foul Ball, location: 2F
2-1: Ball
3-1: Foul Ball, location: 2F
3-2: Fly out, F9 (Flyball, 9, EV 83.8 MPH)
Batting: LHB Alex Cardenas 0-0: Swinging Strike
0-1: Swinging Strike
0-2: Strikes out swinging
Top of the 9th over - 0 runs, 0 hits, 0 errors, 0 left on base; New Orleans 5 - Colorado Springs 1
BOTTOM OF THE 9TH
Colorado Springs Sky Sox batting - Pitching for New Orleans Zephyrs : RHP Ken Hill
Pitching: RHP Jose Lopez
Batting: LHB Roosevelt Brown 0-0: Called Strike
0-1: Fly out, F7 (Line Drive, 7, EV 91.3 MPH)
Batting: RHB Eric Karros 0-0: Called Strike
0-1: Ball
1-1: Swinging Strike
1-2: Ball
2-2: Ball
3-2: Foul Ball, location: 5F
3-2: Ground out 4-3 (Groundball, 4MD, EV 96.9 MPH)
Batting: LHB Chris Rinker 0-0: Called Strike
0-1: Ball
1-1: Swinging Strike
1-2: Ball
2-2: Ball
3-2: Fly out, F7 (Flyball, 78S, EV 90.6 MPH)
Bottom of the 9th over - 0 runs, 0 hits, 0 errors, 0 left on base; New Orleans 5 - Colorado Springs 1
Friday, September 27th , 2024 - OOTP Baseball 25.9 Build 91